 Dungeon Crawl Stone Soup version 0.21-a0-215-g0631661 (webtiles) character file.

10165 George the Fiendish (level 11, -4/90 HPs)
             Began as a Demonspawn Fighter on Aug 22, 2017.
             Was a Priest of Makhleb.
             Slain by a two-headed ogre
             ... wielding a +0 giant spiked club
              (21 damage)
             ... on level 10 of the Dungeon.
             The game lasted 00:19:10 (10583 turns).

George the Fiendish (Demonspawn Fighter)           Turns: 10583, Time: 00:19:11

Health: -4/90      AC: 22    Str: 20    XL:     11   Next: 32%
Magic:  18/18      EV: 13    Int:  9    God:    Makhleb [***...]
Gold:   559        SH: 11    Dex: 13    Spells: 10/10 levels left

rFire    + + .     SeeInvis .   K - +2 hand axe (flame)
rCold    . . .     Gourm    .   B - +2 shield
rNeg     . . .     Faith    .   G - +2 ring mail {rF+}
rPois    +         Spirit   .   (no helmet)
rElec    .         Reflect  .   w - +2 cloak {rPois}
rCorr    .         Harm     .   (no gloves)
MR       +....                  L - +0 pair of boots
Stlth    +++.......             t - amulet of magic regeneration
HPRegen  0.25/turn              g - +5 ring of slaying
MPRegen  0.41/turn              Q - ring of protection from magic

@: sanguine armour
A: hooves 1, fire resistance 1, nightstalker 2, flame cloud immunity, sanguine
armour 2
a: Minor Destruction, Lesser Servant of Makhleb, Renounce Religion


You were on level 10 of the Dungeon.
You worshipped Makhleb.
Makhleb was most pleased with you.
You were not hungry.

You visited 2 branches of the dungeon, and saw 11 of its levels.

You collected 559 gold pieces.

Inventory:

Hand Weapons
 a - a +0 long sword
 K - a +2 hand axe of flaming (weapon)
Armour
 w - a +2 cloak of poison resistance (worn)
 B - a +2 shield (worn)
 G - a +2 ring mail of fire resistance (worn)
 L - a +0 pair of boots (worn)
Jewellery
 g - a +5 ring of slaying (left hand)
 t - an amulet of magic regeneration (around neck)
 Q - a ring of protection from magic (right hand)
Wands
 s - a wand of polymorph (14/24)
 y - a wand of polymorph (12/24)
 H - a wand of polymorph (10/24)
 J - a wand of digging (13/24)
Scrolls
 c - 4 scrolls of remove curse {unknown}
 e - 2 scrolls of immolation {unknown}
 h - a scroll of identify
 i - 2 scrolls of random uselessness {unknown}
 l - a scroll of noise {unknown}
 m - 3 scrolls of fear {unknown}
 n - 2 scrolls of blinking {unknown}
 o - 6 scrolls of teleportation
 p - 5 scrolls of amnesia {unknown}
 q - a scroll of fog {unknown}
 x - a scroll of recharging {unknown}
 E - 2 scrolls of enchant armour {unknown}
 F - a scroll of acquirement {unknown}
 N - a scroll of magic mapping {unknown}
 P - 2 scrolls of enchant weapon {unknown}
Potions
 b - 2 potions of flight
 d - 6 potions of might
 u - 3 potions of curing
 v - 3 potions of mutation
 z - a potion of heal wounds
 A - 2 potions of agility
 I - a potion of magic
Comestibles
 f - 10 bread rations
 k - 10 meat rations
 C - 10 royal jellies
 M - 13 fruits
 O - 5 chunks of flesh


   Skills:
 + Level 9.8 Fighting
 - Level 2.4 Long Blades
 + Level 8.9 Armour
 + Level 8.0 Dodging
 - Level 3.0 Shields
 + Level 10.5 Invocations


You had 10 spell levels left.
You didn't know any spells.

Dungeon Overview and Level Annotations

Branches:
Dungeon (10/15)            Temple (1/1) D:5
   Lair: D:8-11         Orc: D:9-12

Altars:
Ashenzari
Cheibriados
Dithmenos
Elyvilon
Fedhas
Gozag
Hepliaklqana
Kikubaaqudgha
Makhleb
Nemelex Xobeh
Okawaru
Qazlal
Ru
Sif Muna
Trog
Uskayaw
Vehumet
Wu Jian
Xom
Yredelemnul
Zin
The Shining One


Innate Abilities, Weirdness & Mutations

You have large cloven feet.
Your flesh is heat resistant. (rF+)
You are significantly more attuned to the shadows.
You are immune to clouds of flame.
When seriously injured, your bleeding wounds create thick armour. (AC +9)


Message History

Things that are here:
a giant spiked club; a giant club; a two-headed ogre corpse You slash the gnoll!
You burn the gnoll.
The gnoll is almost dead.
You slash the hippogriff! You burn the hippogriff.
You kill the hippogriff!
Makhleb accepts your kill. You block the gnoll's attack.
You slash the gnoll! You burn the gnoll.
You kill the gnoll!
Makhleb accepts your kill.
You slash the two-headed ogre! You burn the two-headed ogre.
The two-headed ogre is moderately wounded.
You block the two-headed ogre's attack. The two-headed ogre barely misses you.
The quokka twitches its whiskers.
You hit the two-headed ogre. You burn the two-headed ogre.
The two-headed ogre is heavily wounded.
You block the two-headed ogre's attack.
The two-headed ogre hits you with a giant spiked club!!
You die...

...)...........
#..............
#..........#...
#..........#.## ...
#.....)##....# .....
#...........### .....
#####......(...
....?#########....##......
.......rO@)(>.............
.......)#†.######.##(.....
...........# #..........
......).##.# #..........
........##.# #..........
.....##.##.# #......(...
.##.. ...... #..........
#(. ...... #. ....


You could see a two-headed ogre and a quokka.

Vanquished Creatures
  A hydra (D:9)
  A two-headed ogre (D:10)
  A sixfirhy (D:7)
  An unseen horror (D:9)
  A cyclops (D:10)
  Maurice (D:9)
  Joseph (D:8)
  A troll (D:9)
  A hornet (D:7)
  2 dream sheep (D:9)
  A hippogriff (D:10)
  A shadow (D:8)
  5 yaks
  2 hungry ghosts
  Menkaure (D:6)
  4 orc warriors
  2 eyes of draining
  2 sky beasts
  3 black bears
  2 ice beasts (D:5)
  5 ogres
  3 big kobolds (D:9)
  4 bullfrogs
  A gnoll sergeant (D:10)
  A wyvern zombie (D:10)
  A scorpion (D:6)
  A water moccasin skeleton (D:7)
  12 killer bees
  2 howler monkeys
  2 spriggan skeletons (D:9)
  A troll skeleton (D:9)
  4 crimson imps
  3 centaur skeletons (D:9)
  3 jellies
  A bullfrog zombie (D:5)
  3 hounds
  7 orc wizards
  2 quasits (D:9)
  Crazy Yiuf (D:2)
  7 orc priests
  A bullfrog skeleton (D:9)
  2 iguanas
  7 worker ants
  Terence (D:2)
  2 killer bee zombies
  A howler monkey zombie (D:7)
  12 gnolls
  9 adders
  3 shadow imps
  2 adder skeletons
  2 worms (D:3)
  A dart slug (D:2)
  7 leopard geckos
  30 orcs
  2 ball pythons
  3 goblins
  8 hobgoblins
  9 jackals
  5 quokkas
  4 bats
  7 frilled lizards
  7 kobolds
  11 rats
234 creatures vanquished.

Vanquished Creatures (others)
  A plant (D:9)
1 creature vanquished.

Grand Total: 235 creatures vanquished

Notes
Turn   | Place    | Note
-------+----------+-------------------------------------------
     0 | D:1      | George the Demonspawn Fighter began the quest for the Orb.
     0 | D:1      | Reached XP level 1. HP: 18/18 MP: 1/1
   195 | D:1      | Gained mutation: Your flesh is heat resistant. (rF+) [demonic ancestry]
   195 | D:1      | Reached XP level 2. HP: 20/24 MP: 2/2
   826 | D:2      | Found a sacrificial altar of Ru.
   913 | D:2      | Reached XP level 3. HP: 25/29 MP: 3/3
  1039 | D:2      | Noticed Terence
  1046 | D:2      | Killed Terence
  1214 | D:2      | Reached skill level 1 in Dodging
  1246 | D:2      | Found a runed door.
  1389 | D:2      | Gained mutation: You are slightly more attuned to the shadows. [demonic ancestry]
  1389 | D:2      | Reached XP level 4. HP: 30/35 MP: 4/4
  1545 | D:2      | Noticed Crazy Yiuf
  1550 | D:2      | Killed Crazy Yiuf
  1868 | D:3      | Reached XP level 5. HP: 33/42 MP: 5/5
  2654 | D:3      | Found an ancient bone altar of Kikubaaqudgha.
  3496 | D:5      | Entered Level 5 of the Dungeon
  3496 | D:5      | Noticed an ogre
  3517 | D:5      | Gained mutation: When seriously injured, your bleeding wounds create armour. (AC +9) [demonic ancestry]
  3517 | D:5      | Reached XP level 6. HP: 45/49 MP: 6/6
  3533 | D:5      | Found a shadowy altar of Dithmenos.
  3649 | D:5      | Found a burning altar of Makhleb.
  3649 | D:5      | Found a radiant altar of Vehumet.
  3664 | D:5      | Became a worshipper of Makhleb the Destroyer
  3673 | D:5      | Noticed an ice beast
  3683 | D:5      | Killed an ice beast
  3683 | D:5      | Reached skill level 5 in Fighting
  3683 | D:5      | Reached skill level 1 in Invocations
  3869 | D:5      | Reached XP level 7. HP: 56/56 MP: 8/8
  3881 | D:5      | Found a staircase to the Ecumenical Temple.
  3889 | Temple   | Entered the Ecumenical Temple
  4012 | D:5      | Found a shattered altar of Ashenzari.
  4044 | D:5      | Reached skill level 2 in Invocations
  4080 | D:5      | Found a shimmering altar of Xom.
  4081 | D:5      | Found a hazy altar of Hepliaklqana.
  4081 | D:5      | Noticed a hell beast
  4082 | D:5      | Noticed a spectral ugly thing
  4082 | D:5      | Noticed a hell beast
  4260 | D:6      | You fall through a shaft for 3 floors!
  4357 | D:9      | Found a bloodstained altar of Trog.
  4442 | D:9      | Reached skill level 3 in Invocations
  4469 | D:9      | Reached skill level 5 in Armour
  4481 | D:9      | Gained mutation: You are significantly more attuned to the shadows. [demonic ancestry]
  4481 | D:9      | Reached XP level 8. HP: 49/64 MP: 10/10
  4544 | D:9      | Reached skill level 4 in Invocations
  4650 | D:8      | Noticed Joseph
  4667 | D:8      | Killed Joseph
  4667 | D:8      | Reached * piety under Makhleb
  4667 | D:8      | Reached skill level 5 in Invocations
  4966 | D:8      | HP: 2/65 [orc warrior/battleaxe (21)]
  4969 | D:8      | Reached skill level 5 in Dodging
  5296 | D:8      | Found a snail-covered altar of Cheibriados.
  5379 | D:8      | Reached skill level 6 in Invocations
  5379 | D:8      | Gained mutation: When seriously injured, your bleeding wounds create thick armour. (AC +9) [demonic ancestry]
  5379 | D:8      | Reached XP level 9. HP: 72/72 MP: 13/13
  5696 | D:7      | Found a runed door.
  6005 | D:7      | Noticed a sixfirhy
  6050 | D:7      | Reached skill level 7 in Invocations
  6159 | D:7      | You fall through a shaft for 2 floors!
  6236 | D:9      | Noticed Maurice
  6254 | D:9      | Killed Maurice
  6259 | D:9      | Reached ** piety under Makhleb
  6309 | D:9      | Noticed a troll
  6314 | D:9      | Killed a troll
  6390 | D:9      | Reached skill level 8 in Invocations
  6395 | D:9      | Gained mutation: You are immune to clouds of flame. [demonic ancestry]
  6395 | D:9      | Reached XP level 10. HP: 51/80 MP: 16/16
  6493 | D:9      | Noticed a two-headed hydra
  6498 | D:9      | Killed a one-headed hydra
  6639 | D:9      | Found an opulent altar of Gozag.
  7817 | D:7      | Paralysed by a hornet for 2 turns
  7829 | D:7      | Reached skill level 9 in Invocations
  8240 | D:6      | Found a deep blue altar of Sif Muna.
  8974 | D:6      | Noticed Menkaure
  8979 | D:6      | Killed Menkaure
  9530 | D:7      | Killed a sixfirhy
  9869 | D:9      | Killed an unseen horror
  9869 | D:9      | Reached *** piety under Makhleb
 10056 | D:10     | Entered Level 10 of the Dungeon
 10082 | D:10     | Reached skill level 10 in Invocations
 10082 | D:10     | Gained mutation: You have large cloven feet. [demonic ancestry]
 10082 | D:10     | Reached XP level 11. HP: 82/89 MP: 18/18
 10559 | D:10     | Noticed a two-headed ogre
 10571 | D:10     | Killed a two-headed ogre
 10575 | D:10     | Noticed a two-headed ogre
 10583 | D:10     | Slain by a two-headed ogre

Vault maps used:
D:1:      dpeg_arrival_simpleton_c, minmay_misc_feat_diagonals, feat_on_display
D:2:      nicolae_overflow_crystal_walls, first_bread, uniq_terence,
          uniq_crazy_yiuf_cottage
D:3:      kennysheep_six_static_rooms, kiku_gazebo_garden_becter
D:5:      regret_index_temple_of_mockery,
          grunt_temple_overflow_lords_of_destruction, old_standard_altar,
          cheibrodos_ashenzari_chains, minmay_temple_entry_poolview
D:6:      kennysheep_mini, uniq_menkaure
D:7:      cheibrodos_shockbox
D:8:      lemuel_crystal_altar, uniq_joseph
D:9:      nicolae_gozag_cash_rules_everything_around_me, bloody_trog,
          hangedman_ranch, hangedman_tell_no_tales, uniq_maurice
D:10:     kennysheep_orc_monster_closet_entryway
Temple:   compressed_dpeg_circular_temple

Skill      XL: |  1  2  3  4  5  6  7  8  9 10 11 |
---------------+----------------------------------+-----
Long Blades    | 2 |  2.4
Shields        | 3 |  3.0
Armour         | 3 4 5 6 7 8 |  8.9
Dodging        | 1 2 3 4 5 6 7 8 |  8.0
Fighting       | 4 5 6 7 8 9 |  9.8
Invocations    | 1 3 6 8 10 | 10.5

Action                   |  1- 3 |  4- 6 |  7- 9 | 10-12 || total
-------------------------+-------+-------+-------+-------++-------
Melee: Long sword        |    17 |       |       |       ||    17
       Spear             |    62 |   129 |   327 |       ||   518
       Hand axe          |       |       |    10 |   306 ||   316
Invok: Minor Destruction |       |       |       |     2 ||     2
       Lesser Servant of |       |       |       |     1 ||     1
  Use: Scroll            |       |       |       |     7 ||     7
 Stab: Sleeping          |       |       |     6 |     6 ||    12
       Distracted        |       |       |     1 |       ||     1
  Eat: Chunk             |     1 |     8 |    10 |    14 ||    33
       Fruit             |       |       |     1 |     3 ||     4
Armor: Scale mail        |    19 |    20 |       |       ||    39
       Chain mail        |       |    22 |     9 |       ||    31
       Ring mail         |       |       |   115 |   146 ||   261
       Skin              |       |       |     4 |       ||     4
Dodge: Dodged            |    13 |    28 |   133 |   190 ||   364
Block: Shield            |    22 |    50 |   196 |   236 ||   504

Table legend:
 A = Spawn XP
 B = Non-spawn XP
 C = Spawn XP percentage of total XP
 D = Spawn monster count
 E = Non-spawn monster count
 F = Spawn count percentage of total count
 G = Total turns spent on level
                    A         B        C        D         E        F      G
               +---------+---------+-------+---------+---------+-------+---------
         Total |    1889 |   12633 |  13.0 |      26 |     208 |  11.1 | 10583
               +---------+---------+-------+---------+---------+-------+---------
           D:1 |       4 |      27 |  12.9 |       4 |      14 |  22.2 |   754
           D:2 |       7 |     110 |   6.0 |       4 |      18 |  18.2 |  1056
           D:3 |       3 |     107 |   2.7 |       2 |      22 |   8.3 |  1152
           D:4 |       0 |     105 |   0.0 |       0 |       8 |   0.0 |   534
           D:5 |     163 |     599 |  21.4 |       2 |      13 |  13.3 |   903
           D:6 |      33 |     801 |   4.0 |       1 |      19 |   5.0 |  1010
           D:7 |     178 |    1981 |   8.2 |       3 |      21 |  12.5 |  1521
           D:8 |     512 |    1383 |  27.0 |       7 |      26 |  21.2 |  1599
           D:9 |      84 |    4741 |   1.7 |       2 |      39 |   4.9 |  1423
          D:10 |     905 |    2779 |  24.6 |       1 |      28 |   3.4 |   527
               +---------+---------+-------+---------+---------+-------+---------
